 Dungeon Crawl Stone Soup version 0.26-a0-597-gb535b0901c (webtiles) character file.

Game seed: 4644096186837147551

7142 kobby the Chopper (level 11, -3/83 HPs)
             Began as a Human Fighter on Aug 30, 2020.
             Was a Priest of Okawaru.
             Slain by a fire elemental (11 damage)
             ... summoned by a deep elf mage
             ... on level 9 of the Dungeon.
             The game lasted 00:19:23 (12273 turns).

kobby the Chopper (Human Fighter)                  Turns: 12273, Time: 00:19:24

Health: -3/83      AC: 16    Str: 19    XL:     11   Next: 31%
Magic:  11/11      EV:  8    Int:  9    God:    Okawaru [***...]
Gold:   639        SH: 11    Dex: 17    Spells: 10/10 levels left

rFire    . . .     SeeInvis .   E - +8 falchion of Overwhelming Force {vorpal, +Blink rPois MR- Dex+4}
rCold    . . .     Faith    .   c - +0 kite shield
rNeg     . . .     Spirit   .   e - +0 chain mail
rPois    +         Reflect  .   (no helmet)
rElec    .         Harm     .   (no cloak)
rCorr    +                      (no gloves)
MR       .....                  u - +0 pair of boots
Stlth    ..........             (no amulet)
HPRegen  0.23/turn              m - ring of resist corrosion
MPRegen  0.12/turn              v - +4 ring of protection

@: liquid flames, glowing
A: no striking features
a: Heroism, Renounce Religion, Evoke Blink


You were on level 9 of the Dungeon.
You worshipped Okawaru.
Okawaru was most pleased with you.
You visited 2 branches of the dungeon, and saw 10 of its levels.

You collected 639 gold pieces.

Inventory:

Hand Weapons
 a - a +0 war axe
 d - the +1 mace of Eye-covered Tenacity {flame, +Fly rC- rN+++}
   (You found it on level 5 of the Dungeon)

   It has been specially enchanted to burn those struck by it, causing extra
   injury to most foes and up to half again as much damage against particularly
   susceptible opponents.
   It makes you vulnerable to cold.
   It renders you almost immune to negative energy.
   It lets you fly.
 s - a +3 flail of holy wrath
 E - the +8 falchion of Overwhelming Force (weapon) {vorpal, +Blink rPois MR- Dex+4}
   (You found it on level 6 of the Dungeon)

   It inflicts extra damage upon your enemies.
   It affects your dexterity (+4).
   It protects you from poison.
   It affects your resistance to hostile enchantments.
   It lets you blink.
Missiles
 p - 5 atropa-tipped darts (quivered)
Armour
 b - a +0 scale mail
 c - a +0 kite shield (worn)
 e - a +0 chain mail (worn)
 t - the +1 robe "Qiadda" {Dex+4 Stlth+}
   (You found it on level 4 of the Dungeon)

   It affects your dexterity (+4).
   It makes you more stealthy.
 u - a +0 pair of boots (worn)
Jewellery
 j - an uncursed ring of flight
 m - a ring of resist corrosion (left hand)
 n - a +4 ring of protection
 v - a +4 ring of protection (right hand)
 D - an uncursed ring of ice
 I - an uncursed ring of fire {unknown}
Wands
 r - a wand of iceblast (28)
 C - a wand of disintegration (12)
 J - a wand of random effects (6)
 K - a wand of flame (17)
Scrolls
 g - a scroll of teleportation {unknown}
 h - 7 scrolls of remove curse
 l - 2 scrolls of summoning {unknown}
 w - a scroll of noise {unknown}
 x - 3 scrolls of enchant armour {unknown}
 y - a scroll of acquirement {unknown}
 z - 3 scrolls of blinking
 B - 4 scrolls of magic mapping
 F - a scroll of brand weapon {unknown}
 G - a scroll of torment {unknown}
 H - 6 scrolls of identify
 M - a scroll of immolation {unknown}
Potions
 f - 3 potions of flight {unknown}
 i - a potion of brilliance {unknown}
 k - a potion of haste {unknown}
 o - 3 potions of lignification {unknown}
 q - a potion of ambrosia {unknown}
 L - 2 potions of resistance {unknown}


   Skills:
 + Level 6.7 Fighting
 + Level 6.8 Long Blades
 + Level 7.9(8.4) Axes
 + Level 4.3(6.6) Maces & Flails
 + Level 7.4 Armour
 + Level 3.2 Dodging
 + Level 0.7 Stealth
 + Level 7.7 Shields
 + Level 2.5 Evocations


You had 10 spell levels left.
You didn't know any spells.
Your spell library contained the following spells:

 Spells                   Type           Power        Failure   Level
 Apportation              Tloc           #.....       100%        1
 Magic Dart               Conj           #...         100%        1
 Sandblast                Erth           #.....       100%        1
 Blink                    Tloc           N/A          100%        2
 Call Imp                 Summ           #.......     100%        2
 Passwall                 Tmut/Erth      #.......     100%        2
 Poisonous Vapours        Pois/Air       #.....       100%        2
 Slow                     Hex            #.......     100%        2
 Conjure Flame            Conj/Fire      #.......     100%        3
 Lesser Beckoning         Tloc           #.........   100%        3
 Mephitic Cloud           Conj/Pois/Air  #.......     100%        3
 Stone Arrow              Conj/Erth      #.....       100%        3
 Tukima's Dance           Hex            #.......     100%        3
 Petrify                  Tmut/Erth      #.......     100%        4
 Alistair's Intoxication  Tmut/Pois      #........    100%        5
 Lee's Rapid Deconstruct  Erth           #.........   100%        5
 Freezing Cloud           Conj/Ice/Air   #.........   100%        6
 Invisibility             Hex            #.......     100%        6


Dungeon Overview and Level Annotations

Branches:
Dungeon (9/15)             Temple (1/1) D:4
   Lair: D:8-11         Orc: D:9-12

Altars:
Ashenzari
Cheibriados
Dithmenos
Elyvilon
Fedhas
Gozag
Hepliaklqana
Kikubaaqudgha
Makhleb
Nemelex Xobeh
Okawaru
Qazlal
Ru
Sif Muna
Trog
Uskayaw
Vehumet
Wu Jian
Xom
Yredelemnul
Zin
The Shining One


Message History

The deep elf mage hits you but does no damage.
The fire elemental barely misses you.
You completely miss the deep elf mage.
The deep elf mage is severely wounded.
You block the fire elemental's attack. The fire elemental hits you.
The fire elemental burns you!
* * * LOW HITPOINT WARNING * * *
The deep elf mage gestures at you while chanting.
The sticky flame hits you but does no damage.
You are covered in liquid flames!
You block the fire elemental's attack.
You hit the deep elf mage.
The deep elf mage is almost dead.
You are covered in liquid flames!
* * * LOW HITPOINT WARNING * * *
You block the fire elemental's attack. x2; The deep elf mage barely misses you.
The fire elemental hits you. The fire elemental burns you!
* * * LOW HITPOINT WARNING * * *
The fire elemental hits you. The fire elemental burns you!
You die...

#......##.##
######.##.##
#################..#.##
#?.........:#..###.#.##
##.........##..# #...##
#?.........?#..# ##..##
##.........##..# #..##
#?...E.....?#..####..##
##..°E@....##........#
#?.°.e.E...?#........##
##.........##.......).#
#?.........:#.......).#
######'######.........#
#.................
###############.#. #.#.
#.##


You could see a deep elf mage and 3 fire elementals.

Vanquished Creatures
  Harold (D:7)
  A two-headed ogre (D:8)
  Pikel (D:4)
  Prince Ribbit (D:9)
  2 hippogriffs
  A wyvern (D:8)
  6 yaks (D:9)
  2 swamp worms (D:8)
  Edmund (D:6)
  Duvessa (D:6)
  4 ice beasts
  A black bear (D:6)
  4 sky beasts
  A necrophage (D:9)
  An orc warrior (D:7)
  A phantom (D:8)
  5 ogres
  A centaur (D:8)
  A crocodile (D:9)
  A big kobold (D:8)
  3 bullfrogs (D:8)
  A scorpion (D:4)
  Dowan (D:6)
  10 killer bees
  4 centaur zombies
  2 orc priests
  A hound (D:4)
  A jelly (D:5)
  A centaur skeleton (D:9)
  4 iguanas
  2 bullfrog skeletons (D:9)
  3 orc wizards
  6 worker ants
  15 adders
  4 gnolls (D:4)
  2 howler monkey skeletons
  2 shadow imps
  2 white imps (D:5)
  2 adder skeletons
  A worm (D:2)
  2 dart slugs
  5 leopard geckos
  17 orcs
  5 bats
  6 giant cockroaches
  2 hobgoblins
  6 jackals
  8 kobolds
  4 quokkas
  6 frilled lizards
  6 goblins
  A leopard gecko zombie (D:6)
  7 rats
179 creatures vanquished.

Vanquished Creatures (others)
  10 plants
10 creatures vanquished.

Grand Total: 189 creatures vanquished

Notes
Turn   | Place    | Note
-------+----------+-------------------------------------------
     0 | D:1      | kobby the Human Fighter began the quest for the Orb.
     0 | D:1      | Reached XP level 1. HP: 18/18 MP: 1/1
   107 | D:1      | Reached XP level 2. HP: 24/24 MP: 2/2
   504 | D:1      | Reached XP level 3. HP: 28/29 MP: 3/3
  1066 | D:2      | Reached XP level 4. HP: 24/35 MP: 4/4
  1387 | D:2      | Found a stormy altar of Qazlal.
  1387 | D:2      | Noticed a water elemental
  1395 | D:2      | Noticed an earth elemental
  1395 | D:2      | Noticed a fire elemental
  1395 | D:2      | Noticed an air elemental
  2125 | D:3      | Found a radiant altar of Vehumet.
  2139 | D:3      | Reached XP level 5. HP: 39/42 MP: 5/5
  2253 | D:3      | Found a basalt altar of Yredelemnul.
  2283 | D:3      | Found a sparkling altar of Nemelex Xobeh.
  2917 | D:4      | Reached XP level 6. HP: 47/48 MP: 6/6
  2977 | D:4      | Noticed an ogre
  2995 | D:4      | Killed an ogre
  3218 | D:4      | Reached XP level 7. HP: 33/53 MP: 7/7
  3240 | D:4      | Got a bloodstained robe
  3241 | D:4      | Identified the +1 robe "Qiadda" {Dex+4 Stlth+} (You found
                  | it on level 4 of the Dungeon)
  3398 | D:4      | Reached skill level 5 in Axes
  3659 | D:4      | Noticed Pikel
  3675 | D:4      | Killed Pikel
  3675 | D:4      | Reached skill level 5 in Armour
  3675 | D:4      | Reached skill level 1 in Dodging
  3675 | D:4      | Reached XP level 8. HP: 36/61 MP: 8/8
  4151 | D:4      | Found a staircase to the Ecumenical Temple.
  4162 | Temple   | Entered the Ecumenical Temple
  5055 | D:5      | Entered Level 5 of the Dungeon
  5091 | D:5      | Got a bloodstained mace
  5096 | D:5      | Identified the cursed +1 mace of Eye-covered Tenacity
                  | {flame, +Fly rC- rN+++} (You found it on level 5 of the
                  | Dungeon)
  5493 | D:5      | Found a glowing silver altar of Zin.
  6257 | D:6      | Reached skill level 1 in Maces & Flails
  6284 | D:5      | Found a white marble altar of Elyvilon.
  6340 | D:6      | Reached skill level 5 in Shields
  6602 | D:6      | Reached XP level 9. HP: 41/67 MP: 9/9
  6764 | D:6      | Reached skill level 5 in Fighting
  6804 | D:6      | Noticed Edmund
  6809 | D:6      | Killed Edmund
  6836 | D:6      | Got a polished falchion
  7019 | D:6      | Noticed Dowan
  7024 | D:6      | Noticed Duvessa
  7030 | D:6      | Killed Dowan
  7031 | D:6      | Killed Duvessa
  7031 | D:6      | Reached skill level 1 in Evocations
  7526 | D:7      | Noticed Harold
  7551 | D:7      | Killed Harold
  7810 | D:7      | Found an iron altar of Okawaru.
  7810 | D:7      | Found a shimmering blue altar of Sif Muna.
  7819 | D:7      | Became a worshipper of Warmaster Okawaru
  7946 | D:7      | Reached XP level 10. HP: 35/74 MP: 10/10
  8363 | D:7      | Found a shadowy altar of Dithmenos.
  8910 | D:7      | Identified the +8 falchion of Overwhelming Force {vorpal,
                  | +Blink rPois MR- Dex+4} (You found it on level 6 of the
                  | Dungeon)
  9069 | D:8      | Reached * piety under Okawaru
  9130 | D:8      | Reached skill level 1 in Long Blades
 10018 | D:8      | Noticed a two-headed ogre
 10030 | D:8      | HP: 1/76 [two-headed ogre/+0 giant club (12)]
 10031 | D:8      | Killed a two-headed ogre
 10031 | D:8      | Reached ** piety under Okawaru
 10802 | D:9      | Reached skill level 5 in Long Blades
 10802 | D:9      | Reached XP level 11. HP: 66/83 MP: 11/11
 10942 | D:9      | Found a white marble altar of Elyvilon.
 10942 | D:9      | Found a sacrificial altar of Ru.
 10944 | D:9      | Found an ornate altar of the Wu Jian Council.
 11051 | D:9      | Reached *** piety under Okawaru
 11521 | D:9      | Noticed Prince Ribbit
 11532 | D:9      | Killed Prince Ribbit
 12259 | D:9      | Noticed a deep elf mage
 12273 | D:9      | Slain by a fire elemental

Illustrated notes

Levels and vault maps discovered:
D:1:      lemuel_arrival_funnel, layout_basic
D:2:      layout_basic, nicolae_qazlal_style_of_elements
D:3:      layout_rooms, fiery_altar_vehumet, lemuel_doored_altar,
          serial_bayou_pond_c, moated_statue, nemelex_xobeh_ov_fountains_minmay
D:4:      layout_gridville, minmay_temple_entry_wispy, uniq_pikel
D:5:      lemuel_upstairs_altar, layout_basic, kennysheep_mini
D:6:      layout_loops_ring, uniq_duvessa, uniq_edmund
D:7:      layout_loops_ring, kennysheep_little_box,
          gammafunk_temple_overflow_statue, grunt_ministairs_7, eino_jars,
          uniq_harold
D:8:      layout_loops_ring, worms_lemuel
D:9:      layout_basic, gammafunk_temple_overflow_claw, minmay_librarian,
          uniq_prince_ribbit1
Temple:   hc_temple_tempest_star

Skill      XL: |  1  2  3  4  5  6  7  8  9 10 11 |
---------------+----------------------------------+-----
Axes           | 3 4 6 7 |  7.9
Armour         | 4 5 6 7 |  7.4
Shields        | 4 5 6 7 |  7.7
Fighting       | 4 5 6 |  6.7
Dodging        | 1 2 3 |  3.2
Maces & Flails | 2 4 |  4.3
Evocations     | 2 |  2.5
Long Blades    | 5 6 |  6.8
Stealth        | |  0.7

Action                   |  1- 3 |  4- 6 |  7- 9 | 10-12 || total
-------------------------+-------+-------+-------+-------++-------
Melee: War axe           |    90 |   142 |   198 |    43 ||   473
       Mace              |       |       |   103 |       ||   103
       Falchion          |       |       |       |   237 ||   237
Evoke: Wand              |       |       |     8 |     3 ||    11
  Use: Scroll            |       |     3 |     9 |     1 ||    13
       Potion            |       |     1 |     4 |     2 ||     7
Armor: Scale mail        |     5 |       |       |       ||     5
       Chain mail        |    60 |    83 |   157 |   140 ||   440
Dodge: Dodged            |    16 |    31 |    74 |    78 ||   199
Block: Kite shield       |    61 |    63 |   166 |   129 ||   419
       Rpst.: Falchion   |       |       |       |    20 ||    20

Table legend: (Time is in decaauts)
 A = Elapsed time spent in this place.
 B = Non-inter-level travel time spent in this place.
 C = Inter-level travel time spent in this place.
 D = Time resting spent in this place.
 E = Time spent auto-exploring this place.
 F = Levels seen in this place.
 G = Mean time per level.
                   A        B        C        D        E       F      G
               +--------+--------+--------+--------+--------+-----+--------+
         Total |  12524 |  11888 |    636 |   3674 |   6231 |  10 | 1252.4 |
       Dungeon |  12009 |  11580 |    429 |   3674 |   5925 |   9 | 1334.3 |
        Temple |    515 |    308 |    207 |      0 |    306 |   1 |  515.0 |
               +--------+--------+--------+--------+--------+-----+--------+

Top non-repeatable levels by time:
     D:4: 1986 daAuts
     D:8: 1821 daAuts
     D:7: 1691 daAuts
     D:9: 1597 daAuts
     D:6: 1143 daAuts
     D:5: 1076 daAuts
     D:2: 1034 daAuts
     D:1: 954 daAuts
     D:3: 703 daAuts
  Temple: 515 daAuts
